 Dungeon Crawl Stone Soup version 0.14-a0-1637-gd423c14 (webtiles) character file.

116 4tharraofdagon the Firebug (level 4, -3/24 HPs)
             Began as a Deep Elf Fire Elementalist on Dec 26, 2013.
             Slain by HollowCharge's ghost (12 damage)
             ... on Level 4 of the Dungeon.
             The game lasted 00:06:03 (841 turns).

4tharraofdagon the Firebug (DEFE)                    Turns: 841, Time: 00:06:03

HP  -3/24        AC  2     Str  5      XL: 4   Next: 21%
MP   4/14        EV 16     Int 21      God:
Gold 34          SH  0     Dex 15      Spells:  3 memorised,  2 levels left

rFire  . . .     SeeInvis .     d - +0,+1 orc hand axe
rCold  . . .     Clarity  .     a - +0 elf robe
rNeg   . . .     Conserve .     (no shield)
rPois  .         rCorr    .     (no helmet)
rElec  .         rRot     .     (no cloak)
SustAb . .       Spirit   .     (no gloves)
rMut   .         Warding  .     (no boots)
Saprov . . .     Stasis   .     (no amulet)
                                o - ring of teleport control
                                g - +3 ring of evasion

@: very slightly contaminated, slightly resistant to hostile enchantments,
fairly stealthy
A: no striking features
a: Evoke Teleport Control


You were on level 4 of the Dungeon.
You were not hungry.

You visited 1 branch of the dungeon, and saw 4 of its levels.

You collected 34 gold pieces.

Inventory:

Hand weapons
 d - a +0,+1 orcish hand axe (weapon)
Armour
 a - a +0 elven robe (worn)
Comestibles
 c - 2 bread rations
 h - a meat ration
 j - a lychee
Scrolls
 e - 3 scrolls of remove curse {unknown}
 i - a scroll of noise {unknown}
 k - a scroll of recharging {unknown}
 l - a scroll of immolation {unknown}
 m - a scroll of teleportation {unknown}
 n - a scroll of enchant armour {unknown}
Jewellery
 f - an uncursed amulet of inaccuracy {unknown}
 g - a +3 ring of evasion (left hand)
 o - a ring of teleport control (right hand)
Books
 b - a book of Flames

   Spells                             Type                      Level
   *Flame Tongue                      Conjuration/Fire             1
   Throw Flame                        Conjuration/Fire             2
   *Conjure Flame                     Conjuration/Fire             3
   Inner Flame                        Hexes/Fire                   3
   *Sticky Flame                      Conjuration/Fire             4
   Fireball                           Conjuration/Fire             5


   Skills:
 - Level 2.4 Dodging
 - Level 2.4 Stealth
 + Level 3.7 Spellcasting
 * Level 3.0 Conjurations
 * Level 4.2 Fire Magic


You had 2 spell levels left.
You knew the following spells:

 Your Spells              Type           Power        Failure   Level  Hunger
a - Flame Tongue          Conj/Fire      ###..        2%          1    None
b - Conjure Flame         Conj/Fire      ###.....     10%         3    ###....
c - Sticky Flame          Conj/Fire      ###.....     28%         4    ####...


Dungeon Overview and Level Annotations

Branches:
Dungeon (4/16)
 Temple: D:4-7

Altars:
Xom
Yredelemnul

Annotations:
D:4 HollowCharge's ghost, average OgGl


Message History

Confirm with . or Enter, or press ? or * to list all spells.
Aiming: Flame Tongue
Press: ? - help, Shift-Dir - straight line, f/p - HollowCharge's ghost
Aim: HollowCharge's ghost (flame, moderately damaged)
The flame hits HollowCharge's ghost.
HollowCharge's ghost resists.
HollowCharge's ghost is moderately damaged.
HollowCharge's ghost is engulfed in roaring flames.
HollowCharge's ghost hits you!
Unknown command.
Casting: Flame Tongue
Confirm with . or Enter, or press ? or * to list all spells.
Aiming: Flame Tongue
Press: ? - help, Shift-Dir - straight line, f/p - HollowCharge's ghost
Aim: HollowCharge's ghost (flame, moderately damaged)
The flame hits HollowCharge's ghost.
HollowCharge's ghost resists.
HollowCharge's ghost is heavily damaged.
HollowCharge's ghost is engulfed in roaring flames.
HollowCharge's ghost hits you!
Ouch! That really hurt!
You die...

#### ... . ##..###..
... ###+##........
..... .....#.P...PP#
.....###.#..#@#
.......#.#..#p#
..........#..#ยง#
#...)...<...r#####
########............
...................
#######..#...#+##.
#......# .......#


You could see HollowCharge's ghost and a rat.

Vanquished Creatures
  Terence (D:3)
  3 adders (D:3)
  A giant mite (D:2)
  A giant gecko (D:2)
  An orc (D:3)
  A giant cockroach (D:3)
  4 hobgoblins
  5 jackals
  3 kobolds
  4 bats
  2 giant newts
  3 goblins (D:3)
  A quokka (D:3)
  4 rats
  A spectral orc (D:3)
35 creatures vanquished.

Notes
Turn   | Place    | Note
--------------------------------------------------------------
     0 | D:1      | 4tharraofdagon, the Deep Elf Fire Elementalist, began the quest for the Orb.
     0 | D:1      | Reached XP level 1. HP: 10/10 MP: 5/5
   134 | D:1      | Reached XP level 2. HP: 1/15 MP: 0/8
   174 | D:2      | Found a shimmering altar of Xom.
   174 | D:2      | Found a shimmering altar of Xom.
   177 | D:2      | Found a shimmering altar of Xom.
   375 | D:3      | Reached XP level 3. HP: 16/19 MP: 5/11
   380 | D:3      | Learned a level 3 spell: Conjure Flame
   433 | D:4      | Noticed an ogre
   499 | D:3      | Reached skill level 4 in Fire Magic
   543 | D:3      | Noticed Terence
   548 | D:3      | :(
   555 | D:3      | Killed Terence
   555 | D:3      | Reached XP level 4. HP: 24/24 MP: 3/14
   563 | D:3      | Found a basalt altar of Yredelemnul.
   611 | D:3      | Learned a level 4 spell: Sticky Flame
   826 | D:4      | Noticed HollowCharge's ghost (average OgGl)
   841 | D:4      | Slain by HollowCharge's ghost

Action                   |  1- 3 |  4- 6 || total
-------------------------+-------+-------++-------
Melee: Hand axe          |     3 |     2 ||     5
 Cast: Flame Tongue      |    46 |    19 ||    65
       Conjure Flame     |       |     2 ||     2
  Use: Potion            |     3 |     2 ||     5
